 Dungeon Crawl Stone Soup version 0.19-a0-1007-g133f65f (webtiles) character file.

117 Liquid the Insei (level 4, 0/36 HPs)
             Began as a Demonspawn Chaos Knight on July 20, 2016.
             Succumbed to an adder's poison
             ... on level 3 of the Dungeon.
             The game lasted 00:08:22 (1481 turns).

Liquid the Insei (Demonspawn Chaos Knight)          Turns: 1481, Time: 00:08:23

Health: 0/36       AC:  6    Str: 20    XL:     4   Next: 71%
Magic:  4/4        EV: 13    Int: 13    God:    Xom [*.....]
Gold:   103        SH:  0    Dex: 13    Spells: 0 memorised, 3 levels left

rFire  . . .     SeeInvis .       - Unarmed
rCold  . . .     Gourm    .     a - +2 leather armour
rNeg   . . .     Faith    .     (no shield)
rPois  .         Spirit   .     (no helmet)
rElec  .         Dismiss  .     (no cloak)
rCorr  .         Reflect  .     j - +0 pair of gloves
SustAt .         Harm     .     (no boots)
MR     .....                    (no amulet)
Stlth  +.........               (no ring)
                                e - +2 ring of strength

@: mighty, lethally poisoned (0 -> -4), flying, drained, not resistant to
hostile enchantments, very unstealthy
A: repulsion field 1
a: Renounce Religion


You were on level 3 of the Dungeon.
You worshipped Xom.
You were a special plaything of Xom.
You were not hungry.

You visited 1 branch of the dungeon, and saw 4 of its levels.

You collected 103 gold pieces.

Inventory:

Missiles
 c - 6 tomahawks (quivered)
Armour
 a - a +2 leather armour (worn)
 j - a +0 pair of gloves (worn)
Jewellery
 e - a +2 ring of strength (left hand)
Scrolls
 f - a scroll of enchant armour {unknown}
 i - a scroll of teleportation {unknown}
 k - a scroll of fog {unknown}
 l - a scroll of amnesia {unknown}
Potions
 g - a potion of flight
Comestibles
 b - 3 bread rations
 h - 6 chunks of flesh


   Skills:
 + Level 3.6(2.7) Fighting
 - Level 1.7(0.9) Armour
 + Level 1.4(0.6) Dodging
 + Level 4.4(3.5) Unarmed Combat


You had 3 spell levels left.
You didn't know any spells.

Dungeon Overview and Level Annotations

Branches:
Dungeon (4/15)
 Temple: D:4-7

Altars:
Hepliaklqana

Annotations:
D:3 removeelyvilon's ghost, amateur HuSu


Innate Abilities, Weirdness & Mutations

You are surrounded by a mild repulsion field. (EV +2)


Message History

Level annotation: removeelyvilon's ghost, amateur HuSu You feel sick.
The white imp hits you. The white imp freezes you.
* * * LOW HITPOINT WARNING * * *
The iron imp hits you.
* * * LOW HITPOINT WARNING * * *
There is a stone staircase leading down here.
Unknown command.
Okay, then.
It was a potion of flight.
You feel very buoyant.
You fly up into the air.
The white imp gestures at you. The puff of frost hits you!
* * * LOW HITPOINT WARNING * * *
The iron imp closely misses you.
It was a potion of might.
You feel very mighty all of a sudden.
Xom thinks this is hilarious!
You die...
Xom cackles wildly!

#.# #.# #.# #.# #.# ... .#
##.###.. ... .. #...##.## #.#
.# ........ #.# .# .(.. #.#
#.# .# ######
...###.########.###.##.......
.............##.5.......# #.#
....##.#####....@5..>..## #.#
....##.# ########.#### #.#
....##.# .# #.# ...###.## .#
#.# ...##...## .# #<#
##.#.[..(###### .# #.#
#(.(........[# .# #.#
#.#...).####.# .. #.#
#.##...## #.#


You could see an iron imp and a white imp.

Vanquished Creatures
  6 adders
  An ooze (D:3)
  3 worms (D:2)
  A dart slug (D:2)
  3 giant geckos
  5 giant cockroaches
  4 hobgoblins
  2 jackals (D:1)
  6 bats (D:2)
  5 giant newts
  2 goblins
  4 kobolds
  8 rats
50 creatures vanquished.

Notes
Turn   | Place    | Note
-------+----------+-------------------------------------------
     0 | D:1      | Liquid the Demonspawn Chaos Knight began the quest for the Orb.
     0 | D:1      | Reached XP level 1. HP: 18/18 MP: 1/1
    50 | D:1      | Reached skill level 3 in Unarmed Combat
   114 | D:1      | Gained mutation: You are surrounded by a mild repulsion field. (EV +2) [demonic ancestry]
   114 | D:1      | Reached XP level 2. HP: 18/24 MP: 2/2
   230 | D:2      | Found a hazy altar of Hepliaklqana.
   306 | D:2      | Reached XP level 3. HP: 29/29 MP: 3/3
   346 | D:2      | Reached skill level 4 in Unarmed Combat
   546 | D:3      | Noticed removeelyvilon's ghost (amateur HuSu)
   663 | D:2      | XOM: harmless Air miscast
   744 | D:2      | Reached XP level 4. HP: 28/35 MP: 4/4
   748 | D:2      | XOM: torment (13/35 hp)
   760 | D:2      | XOM: draining
   961 | D:2      | XOM: swap monsters
   967 | D:2      | XOM: confusion (+ monsters)
   985 | D:2      | Reached skill level 1 in Dodging
  1172 | D:2      | XOM: harmless Conj miscast
  1472 | D:3      | XOM: summons 2 hostile demons
  1477 | D:4      | XOM: chaos upgrade
  1480 | D:3      | HP: 1/36 [white imp/puff of frost[Xom] (4)]
  1481 | D:3      | Succumbed to an adder's poison

Vault maps used:
D:1:      dpeg_arrival_pits
D:2:      marbit_many_paths
D:3:      first_bread
D:4:      old_standard_altar, kennysheep_generic_room_10, uniq_blork_the_orc,
          uniq_sigmund, uniq_edmund

Skill      XL: |  1  2  3  4 |
---------------+-------------+-----
Unarmed Combat | 3 4 |  4.4
Dodging        | 1 |  1.4
Fighting       | |  3.6
Armour         | |  1.7

Action                   |  1- 3 |  4- 6 || total
-------------------------+-------+-------++-------
Melee: Unarmed           |   153 |    74 ||   227
       Punch             |     5 |       ||     5
  Use: Potion            |       |     2 ||     2
  Eat: Chunk             |       |     2 ||     2
Armor: Leather armour    |    62 |    23 ||    85
Dodge: Dodged            |   127 |    40 ||   167
